 Dungeon Crawl Stone Soup version 0.13.0-29-gdb529de (webtiles) character file.

1461 M4edhros the Covert (level 8, -5/50 HPs)
             Began as an Octopode Artificer on Nov 13, 2013.
             Slain by a centaur
             ... wielding a -1,+1 orcish war axe
              (16 damage)
             ... on Level 5 of the Dungeon.
             The game lasted 00:05:19 (4160 turns).

M4edhros the Covert (Octopode Artificer)            Turns: 4160, Time: 00:05:19

HP  -5/50        AC  5     Str 10      XL: 8   Next: 52%
MP  12/12        EV 11     Int 16      God:
Gold 200         SH  7     Dex 13      Spells:  0 memorised,  7 levels left

Res.Fire  : . . .   See Invis. : .   p - +0,+1 dagger (venom)
Res.Cold  : . . .   Warding    : .   t - +0 buckler
Life Prot.: . . .   Conserve   : .   (helmet restricted)
Res.Poison: .       Res.Corr.  : .   (no amulet)
Res.Elec. : .       Clarity    : .   (no ring)
Sust.Abil.: . .     Spirit.Shd : .   (no ring)
Res.Mut.  : .       Stasis     : .   (no ring)
Res.Rott. : .       Flight     : .   (no ring)
Saprovore : . . .                    (no ring)
                                     (no ring)
                                     (no ring)
                                     (no ring)

@: slightly resistant to hostile enchantments, extraordinarily stealthy
A: almost no armour, amphibious, 8 rings, constrict 8, camouflage 1, AC +5
a: no special abilities


You were on level 5 of the Dungeon.
You were very hungry.

You visited 1 branch of the dungeon, and saw 5 of its levels.

You collected 180 gold pieces.

Inventory:

Hand weapons
 a - a cursed +0,+0 short sword
 o - a -1 orcish blowgun
 p - a +0,+1 dagger of venom (weapon)
 z - a +1,+1 bow of frost
Missiles
 q - 5 poisoned needles
 C - 5 arrows
Armour
 t - a +0 buckler (worn)
Magical devices
 b - a wand of flame (0)
 c - a wand of enslavement (15)
 d - a wand of random effects (13)
 B - a wand of magic darts (15)
 F - a wand of frost (11)
Comestibles
 f - 2 bread rations
 h - a meat ration
 r - a choko
Scrolls
 e - a scroll of enchant weapon II
 g - 2 scrolls of remove curse
 i - 4 scrolls of identify {unknown}
 j - a scroll of fog {unknown}
 k - 2 scrolls of curse jewellery {unknown}
 l - a scroll of noise {unknown}
 n - a scroll of magic mapping {unknown}
 u - a scroll of recharging
 v - a scroll of random uselessness {unknown}
 A - a scroll of fear {unknown}
 D - a scroll of curse weapon {unknown}
 E - a scroll of amnesia {unknown}
Potions
 m - a potion of might
 w - 2 potions of restore abilities
 x - a potion of agility {unknown}
Books
 s - a Necronomicon {highlevel}

   This book is beyond your current level of understanding.

   Spells                             Type                      Level
   Borgnjor's Revivification          Necromancy                   7
   Haunt                              Necromancy/Summoning         7
   Death's Door                       Charms/Necromancy            8
   Necromutation                      Transmutation/Necromancy     8
 y - a book of Necromancy

   Spells                             Type                      Level
   Pain                               Necromancy                   1
   Animate Skeleton                   Necromancy                   1
   Lethal Infusion                    Charms/Necromancy            2
   Vampiric Draining                  Necromancy                   3
   Regeneration                       Charms/Necromancy            3
   Animate Dead                       Necromancy                   4
   Control Undead                     Necromancy                   4


   Skills:
 - Level 1.0 Fighting
 - Level 1.0 Short Blades
 - Level 2.0 Dodging
 + Level 13.6 Stealth
 - Level 3.2 Evocations


You had 7 spell levels left.
You didn't know any spells.

Dungeon Overview and Level Annotations

Branches:
Dungeon (5/27)
 Temple: D:4-7

Altars:

Shops:
D:5 [


Innate Abilities, Weirdness & Mutations

You cannot wear most types of armour.
You are amphibious.
You can wear up to eight rings at the same time.
You can use your tentacles to constrict many enemies at once.
Your skin changes colour to match your surroundings (Stlth).
Your rubbery body absorbs attacks (AC +1).
You are partially covered in iridescent scales (AC +4).


Message History

The centaur shoots an arrow.
The arrow hits you!
You see here an arrow.
The centaur shoots an arrow.
The arrow misses you.
A centaur is nearby!
The centaur shoots an arrow.
The arrow hits you!
The centaur shoots an arrow.
The arrow hits you!
You see here 2 arrows.
A centaur is nearby!
The centaur unwields an uncursed bow.
The centaur wields an uncursed orcish war axe.
The centaur hits you with an uncursed orcish war axe!
* * * LOW HITPOINT WARNING * * *
You are too injured to fight recklessly!
You hit the centaur but do no damage.
The centaur is poisoned.
You squeeze the centaur, but do no damage.
The centaur hits you with an uncursed orcish war axe.
* * * LOW HITPOINT WARNING * * *
You barely miss the centaur.
The centaur hits you with an uncursed orcish war axe!
You die...

###.######.#####.#.#)....#.#
.................#.#.#...#.#
###.###...######.#.#.#####.#
#.# #..........#.#.......#
#.# #....####..#.#########
#.. #∩.........#..........
### #.########.#..########
#......# #c#...# ######.#
#@##..# #.# #(##..# #.#
#.##..# #.###(##).#
#...(.##..# #####.##..#
#.##..# #(##..# #.....#


You could see a centaur.

Vanquished Creatures
  Eustachio (D:5)
  Menkaure (D:5)
  Purgy (D:3)
  A sky beast (D:5)
  A phantom (D:4)
  Sigmund (D:3)
  2 centaurs (D:5)
  Blork the orc (D:5)
  The ghost of Vidiiot the Ruffian, a weakling TrWz (D:4)
  A crimson imp (D:5)
  A jelly (D:5)
  A scorpion (D:5)
  A worker ant (D:4)
  3 iguanas
  An orc priest (D:5)
  2 orc wizards (D:5)
  Jessica (D:3)
  Terence (D:3)
  5 adders
  A worm (D:5)
  A giant eyeball (D:5)
  3 orcs
  4 bats
  4 giant cockroaches
  5 hobgoblins
  4 jackals
  2 quokkas
  4 giant newts
  2 goblins
  9 kobolds
  5 rats
71 creatures vanquished.

Notes
Turn   | Place    | Note
--------------------------------------------------------------
     0 | D:1      | M4edhros, the Octopode Artificer, began the quest for the Orb.
     0 | D:1      | Reached XP level 1. HP: 14/14 MP: 1/1
     2 | D:1      | Noticed a naga
     2 | D:1      | Noticed an ogre
     4 | D:1      | Noticed a felid
     4 | D:1      | Noticed a demigod
     6 | D:1      | Noticed a vampire
     6 | D:1      | Noticed a demonspawn
     8 | D:1      | Noticed a tengu
    10 | D:1      | Noticed a draconian
    10 | D:1      | Noticed an octopode
    12 | D:1      | Noticed a spriggan
    14 | D:1      | Noticed a minotaur
    16 | D:1      | Noticed a human
    16 | D:1      | Noticed a ghoul
    18 | D:1      | Noticed a centaur
    20 | D:1      | Noticed a merfolk
    20 | D:1      | Noticed a dwarf
    22 | D:1      | Noticed an elf
    22 | D:1      | Noticed a troll
   156 | D:1      | Reached XP level 2. HP: 17/19 MP: 3/3
   316 | D:2      | Reached skill level 4 in Stealth
   647 | D:2      | Reached XP level 3. HP: 10/24 MP: 4/4
   974 | D:3      | Noticed Purgy
   984 | D:3      | Killed Purgy
   984 | D:3      | Reached skill level 6 in Stealth
   984 | D:3      | Reached XP level 4. HP: 19/29 MP: 6/6
   984 | D:3      | Reached XP level 5. HP: 22/34 MP: 7/7
  1013 | D:3      | Reached skill level 7 in Stealth
  1152 | D:3      | Noticed Terence
  1161 | D:3      | Killed Terence
  1319 | D:3      | Noticed Jessica
  1325 | D:3      | Killed Jessica
  1352 | D:3      | Noticed Sigmund
  1360 | D:3      | Killed Sigmund
  1360 | D:3      | Reached skill level 8 in Stealth
  1360 | D:3      | Reached XP level 6. HP: 28/39 MP: 9/9
  1725 | D:4      | Noticed Vidiiot's ghost (weakling TrWz)
  1753 | D:4      | Killed Vidiiot's ghost
  1753 | D:4      | Reached skill level 9 in Stealth
  2023 | D:4      | Reached skill level 10 in Stealth
  2023 | D:4      | Reached XP level 7. HP: 22/44 MP: 10/10
  2300 | D:5      | Entered Level 5 of the Dungeon
  2319 | D:5      | Noticed Blork the orc
  2330 | D:5      | Killed Blork the orc
  2518 | D:5      | Noticed Menkaure
  2522 | D:5      | Killed Menkaure
  2522 | D:5      | Reached skill level 11 in Stealth
  2766 | D:5      | HP: 2/44 [poisoned by a scorpion]
  2873 | D:5      | Gained mutation: You are partially covered in iridescent scales (AC +4). [potion of beneficial mutation]
  3128 | D:5      | Found Yniul's Antique Armour Boutique.
  3219 | D:5      | Reached skill level 12 in Stealth
  3242 | D:5      | Reached XP level 8. HP: 50/50 MP: 12/12
  3899 | D:5      | Reached skill level 13 in Stealth
  4085 | D:5      | Noticed Eustachio
  4098 | D:5      | Killed Eustachio
  4160 | D:5      | Slain by a centaur

Action                   |  1- 3 |  4- 6 |  7- 9 || total
-------------------------+-------+-------+-------++-------
Melee: Short sword       |    44 |    18 |       ||    62
       Dagger            |       |    40 |    98 ||   138
 Fire: Bow               |       |       |     5 ||     5
Evoke: Wand              |     8 |     8 |     1 ||    17
  Use: Scroll            |     2 |       |       ||     2
       Potion            |     1 |     2 |     5 ||     8
 Stab: Sleeping          |     3 |     3 |     7 ||    13
